 Dungeon Crawl Stone Soup version 0.29-a0-397-g846e4a0bbc (webtiles) character file.

Game seed: 2769413126059518139

1124 sammy202020 the Skirmisher (level 8, -1/73 HPs)
             Began as a Minotaur Fighter on May 11, 2022.
             Slain by an ogre
             ... wielding a +0 giant club
              (12 damage)
             ... on level 5 of the Dungeon.
             The game lasted 00:05:04 (4945 turns).

sammy202020 the Skirmisher (Minotaur Fighter)       Turns: 4945, Time: 00:05:05

Health: -1/73      AC: 15    Str: 26    XL:     8   Next: 13%
Magic:  7/7        EV: 10    Int:  7    God:
Gold:   286        SH:  8    Dex:  9    Spells: 7/7 levels left

rFire   + + .      SeeInvis .   a - +0 war axe
rCold   . . .      Faith    .   s - +3 buckler of the Dolphin {rF++ Will++ Str+4}
rNeg    . . .      Spirit   .   b - +0 scale mail
rPois   .          Reflect  .   (helmet restricted)
rElec   .          Harm     .   d - +1 cloak
rCorr   .          Rampage  .   (no gloves)
Will    ++...                   v - +0 pair of boots
Stlth   ..........              (no amulet)
HPRegen 0.22/turn               k - +4 ring of protection
MPRegen 0.10/turn               (no ring)

@: mighty, hasted, very quick
A: horns 2, retaliatory headbutt
a: no special abilities


You were on level 5 of the Dungeon.
You visited 1 branch of the dungeon, and saw 5 of its levels.
You also visited: Sewer.

You collected 286 gold pieces.

Inventory:

Hand Weapons
 a - a +0 war axe (weapon)
Armour
 b - a +0 scale mail (worn)
 d - a +1 cloak (worn)
 s - the +3 buckler of the Dolphin (worn) {rF++ Will++ Str+4}
   (You found it on level 4 of the Dungeon)

   Str:       It affects your strength (+4).
   rF:        It greatly protects you from fire.
   Will:      It greatly increases your willpower.
 v - a +0 pair of boots (worn)
Jewellery
 k - a +4 ring of protection (left hand)
 n - a ring of wizardry
Wands
 j - a wand of flame (14)
 p - a wand of charming (5)
 q - a wand of iceblast (10)
Scrolls
 t - 2 scrolls of teleportation
Potions
 c - a potion of curing {unknown}
 e - a potion of haste
 f - 2 potions of invisibility
 g - 2 potions of attraction
 h - a potion of flight {unknown}
 i - a potion of cancellation
 l - a potion of berserk rage {unknown}
 m - 2 potions of brilliance
 o - a potion of lignification {unknown}


   Skills:
 * Level 7.1 Fighting
 * Level 6.5 Axes
 + Level 5.6 Armour
 + Level 3.7 Dodging
 + Level 5.6 Shields


You had 7 spell levels left.
You didn't know any spells.
Your spell library contained the following spells:

 Spells                   Type           Power      Damage    Failure   Level
 Scorch                   Fire           0%         2d5       89%         2
 Animate Dead             Necr           0%         N/A       100%        4
 Flame Wave               Conj/Fire      0%         2d4       100%        4
 Summon Cactus Giant      Summ           0%         N/A       100%        6
 Haunt                    Necr/Summ      0%         N/A       100%        7
 Infestation              Necr           0%         N/A       100%        8


Dungeon Overview and Level Annotations

Branches:
Dungeon (5/15)              Sewer (visited)
 Temple: D:4-7

Altars:
Ashenzari
Cheibriados

Shops:
D:1 [

Annotations:
D:5 Pikel


Innate Abilities, Weirdness & Mutations

You have a pair of horns on your head.
You reflexively headbutt those who attack you in melee.


Message History

You hit the lemure but do no damage. You barely miss the lemure. x2
You slash the ogre!
Pikel hits you with a +1 whip of flaming!
Pikel burns you. The lemure hits you. The ogre hits you with a +0 giant club!
The lemure hits you but does no damage. x2
You feel very mighty all of a sudden.
Pikel zaps a wand.
You block the puff of flame. The lemure closely misses you.
You furiously retaliate!
You headbutt the lemure!
The lemure hits you but does no damage. x2
The ogre hits you but does no damage.
You slash the ogre!
The ogre is almost dead.
You barely miss Pikel. You slash the lemure! You hit the lemure.
You closely miss the lemure. You block Pikel's attack. The lemure hits you!
The lemure hits you but does no damage. The lemure closely misses you.
You furiously retaliate!
You headbutt the lemure, but do no damage.
The ogre hits you with a +0 giant club. The lemure hits you.
Pikel hits you but does no damage. The ogre hits you with a +0 giant club.
The lemure hits you but does no damage. x2
You slice the ogre!!
You kill the ogre!
You closely miss Pikel. You closely miss the lemure. You hit the lemure.
You barely miss the lemure. You barely miss the ogre.
Pikel says, "I knew I should've brought a map."
You block Pikel's attack. The lemure hits you. You block the lemure's attack.
You slash the lemure!
The lemure is severely wounded.
You slash the ogre! You closely miss the lemure. You miss the lemure.
You closely miss the lemure. You barely miss Pikel.
The ogre hits you with a +0 giant club!!
* * * LOW HITPOINT WARNING * * *
Pikel hits you but does no damage. You block the lemure's attack.
The lemure hits you but does no damage. The lemure closely misses you.
The lemure completely misses you.
You feel yourself speed up.
Pikel zaps a wand.
The puff of flame hits you but does no damage.
You resist. The lemure closely misses you. You furiously retaliate!
You headbutt the lemure. The ogre hits you with a +0 giant club!
You die...

....... +.......) .
#........ .. #........
...##+##.......
#...........#
#....K5O....#
#....5@.....#
#....55.....#
#...........#
#..$........##+########
...........?............
........................
........................
........................
.......................


You could see Pikel, an ogre and 4 lemures.

Vanquished Creatures
  Menkaure (D:4)
  2 water moccasins
  An ice beast (D:4)
  An ogre (D:5)
  A centaur (D:4)
  2 scorpions
  A gnoll sergeant (D:4)
  A jelly (D:5)
  An orc priest (D:4)
  Crazy Yiuf (D:4)
  Jessica (D:2)
  An iguana (D:5)
  3 gnolls (D:4)
  5 adders
  An ufetubus (D:5)
  5 worms
  5 dart slugs
  3 orcs
  4 bats
  15 endoplasms
  7 giant cockroaches
  7 goblins
  7 hobgoblins
  4 jackals (Sewer)
  6 kobolds
  3 quokkas
  3 ball pythons
  4 frilled lizards
  4 rats
100 creatures vanquished.

Vanquished Creatures (others)
  3 plants (D:4)
3 creatures vanquished.

Grand Total: 103 creatures vanquished

Notes
Turn   | Place    | Note
-------+----------+-------------------------------------------
     0 | D:1      | sammy202020 the Minotaur Fighter began the quest for the
                  | Orb.
     0 | D:1      | Reached XP level 1. HP: 19/19 MP: 0/0
   197 | D:1      | Found Amoehiaw's Armour Boutique.
   207 | D:1      | Reached XP level 2. HP: 13/27 MP: 1/1
   444 | D:1      | Reached skill level 4 in Fighting
   820 | D:2      | Found a snail-covered altar of Cheibriados.
   830 | D:2      | Reached XP level 3. HP: 28/33 MP: 2/2
  1007 | D:2      | Reached skill level 1 in Dodging
  1093 | D:2      | Noticed Jessica
  1095 | D:2      | Killed Jessica
  1096 | D:2      | Reached XP level 4. HP: 36/41 MP: 3/3
  1467 | D:2      | Found a faded altar of an unknown god.
  1590 | D:3      | Noticed a scorpion
  1603 | D:3      | Killed a scorpion
  1604 | D:3      | Reached skill level 5 in Fighting
  1604 | D:3      | Reached XP level 5. HP: 15/48 MP: 4/4
  2005 | D:3      | Found a glowing drain.
  2010 | Sewer    | Entered a sewer
  2067 | Sewer    | Noticed a water moccasin
  2079 | Sewer    | Killed a water moccasin
  2080 | Sewer    | Reached XP level 6. HP: 29/56 MP: 5/5
  3509 | D:4      | Identified the +3 buckler of the Dolphin {rF++ Will++
                  | Str+4}
  3593 | D:4      | Reached skill level 5 in Axes
  3900 | D:4      | Found a runed translucent door.
  3901 | D:4      | Noticed Crazy Yiuf
  3926 | D:4      | Noticed an ice beast
  3931 | D:4      | Killed an ice beast
  3932 | D:4      | Reached skill level 6 in Fighting
  3932 | D:4      | Reached XP level 7. HP: 38/63 MP: 6/6
  3962 | D:4      | Killed Crazy Yiuf
  3963 | D:4      | Reached skill level 5 in Armour
  4240 | D:4      | Found a broken altar of Ashenzari.
  4298 | D:4      | Reached skill level 5 in Shields
  4443 | D:4      | Noticed Menkaure
  4449 | D:4      | Killed Menkaure
  4763 | D:5      | Entered Level 5 of the Dungeon
  4787 | D:5      | Reached skill level 7 in Fighting
  4787 | D:5      | Reached XP level 8. HP: 54/73 MP: 7/7
  4935 | D:5      | Noticed Pikel
  4945 | D:5      | Slain by an ogre

Illustrated notes

Levels and vault maps discovered:
D:1:      pf_arrival_petrified_forest, layout_rooms, serial_shops, shop,
          minmay_misc_feat_four_crosses, corexii_leaking_fountain
D:2:      layout_basic, serial_glass, glass_columns_c, glass_columns_a,
          minmay_strange_pillars, dreamdust_ecumenical_altar_statues,
          basic_altar, st_stairs_7, uniq_jessica
D:3:      layout_basic, gup_sewer_entry_bowl, minmay_cupped
D:4:      nicolae_BIG_FREAKIN_CUBE, layout_basic, mainiacjoe_overflow_brackets,
          nicolae_grassy_gnolls, uniq_crazy_yiuf_cottage, uniq_menkaure
D:5:      layout_gridville, chequers_temple_overflow_statue_of_worship,
          st_stairs_4, uniq_pikel

Skill      XL: |  1  2  3  4  5  6  7 |
---------------+----------------------+-----
Fighting       | 4 5 6 7 |  7.1
Axes           | 3 4 5 6 |  6.5
Dodging        | 1 2 3 |  3.7
Shields        | 4 5 |  5.6
Armour         | 4 5 |  5.6

Action                   |  1- 3 |  4- 6 |  7- 9 || total
-------------------------+-------+-------+-------++-------
Melee: War axe           |    58 |   106 |    54 ||   218
       Headbutt          |    10 |    13 |     7 ||    30
  Use: Scroll            |     4 |     6 |     1 ||    11
       Potion            |       |     1 |     2 ||     3
Armor: Scale mail        |    18 |    41 |    35 ||    94
Dodge: Dodged            |    18 |    58 |    37 ||   113
Block: Buckler           |    13 |    29 |    31 ||    73

Table legend: (Time is in decaauts)
 A = Elapsed time spent in this place.
 B = Non-inter-level travel time spent in this place.
 C = Inter-level travel time spent in this place.
 D = Time resting spent in this place.
 E = Time spent auto-exploring this place.
 F = Levels seen in this place.
 G = Mean time per level.
                   A        B        C        D        E       F      G
               +--------+--------+--------+--------+--------+-----+--------+
         Total |   5030 |   4989 |     41 |    917 |   3215 |   6 |  838.3 |
       Dungeon |   4239 |   4198 |     41 |    267 |   3130 |   5 |  847.8 |
         Sewer |    791 |    791 |      0 |    650 |     84 |   1 |  791.0 |
               +--------+--------+--------+--------+--------+-----+--------+

Top non-repeatable levels by time:
     D:4: 1354 daAuts
     D:3: 1144 daAuts
     D:1: 834 daAuts
   Sewer: 791 daAuts
     D:2: 719 daAuts
     D:5: 186 daAuts
